 Dungeon Crawl Stone Soup version 0.19-a0-722-g27ac516 (webtiles) character file.

277416 epen the Bewitcher (level 19, -4/88 HPs)
             Began as a Spriggan Enchanter on June 21, 2016.
             Was an Initiate of Gozag.
             Killed from afar by a tengu reaver (14 damage)
             ... with a fireball
             ... led by Sojobo
             ... on level 4 of the Vaults on June 22, 2016.
             The game lasted 02:26:48 (55973 turns).

epen the Bewitcher (Spriggan Enchanter)            Turns: 55973, Time: 02:26:49

Health: -4/88      AC: 11    Str:  6    XL:     19   Next: 98%
Magic:  15/38      EV: 40    Int: 32    God:    Gozag
Gold:   3777       SH: 13    Dex: 28    Spells: 9 memorised, 20 levels left

rFire  + . .     SeeInvis +     c - +7 captain's cutlass {speed, disarm}
rCold  . . .     Gourm    .     a - +2 robe {Archmagi}
rNeg   . . .     Faith    .     j - +0 buckler of a volcano {rC- Str+2 Int+8 Dex+3}
rPois  .         Spirit   .     R - +2 hat
rElec  +         Dismiss  .     Z - +2 cloak of Starlight {rElec rC+ EV+4 Stlth--}
rCorr  .         Reflect  +     (gloves unavailable)
SustAt .         Harm     .     (boots unavailable)
MR     +++..     Clarity  +     k - +3 amulet of reflection
Stlth  +++++++...               y - ring of protection from fire
                                E - +6 ring of intelligence

@: repel missiles, drained, very quick, extremely resistant to hostile
enchantments, extremely stealthy
A: unfitting armour, thin metallic scales 1, see invisible, agile 1, clarity,
herbivore 3, speed 3, frail 1, slow metabolism 2, wild magic 1
a: Potion Petition, Call Merchant, Bribe Branch, Renounce Religion
}: 1/15 runes: barnacled


You were on level 4 of the Vaults.
You worshipped Gozag.
Gozag was noncommittal.
You were not hungry.

You visited 8 branches of the dungeon, and saw 36 of its levels.
You also visited: Labyrinth, Sewer and Ice Cave.

You collected 16545 gold pieces.
You spent 1974 gold pieces at shops.
You paid 10794 gold pieces to Gozag.

Inventory:

Hand Weapons
 c - the +7 captain's cutlass (weapon) {speed, disarm}
   (You found it in an ice cave)

   Attacks with this weapon are significantly faster.
 e - a cursed -2 blowgun
 W - a +7 quick blade of piercing
Missiles
 t - a throwing net (quivered)
 A - 7 curare-tipped needles
 B - 10 needles of sleeping
Armour
 a - a +2 robe of the Archmagi (worn)
 j - the +0 buckler of a volcano (worn) {rC- Str+2 Int+8 Dex+3}
   (You bought it in a shop on level 2 of the Vaults)

   It affects your strength (+2).
   It affects your intelligence (+8).
   It affects your dexterity (+3).
   It makes you vulnerable to cold.
 w - a +0 buckler
 R - a +2 hat (worn)
 Z - the +2 cloak of Starlight (worn) {rElec rC+ EV+4 Stlth--}
   (You found it in a labyrinth)

   It affects your evasion (+4).
   It protects you from cold.
   It insulates you from electricity.
   It makes you much less stealthy.
Jewellery
 f - an uncursed ring of ice
 k - a +3 amulet of reflection (around neck)
 l - an uncursed ring of resist corrosion
 y - a ring of protection from fire (right hand)
 E - a +6 ring of intelligence (left hand)
Wands
 q - a wand of acid (9/15)
 v - a wand of digging (13/24)
 D - a wand of iceblast (6/15)
 L - a wand of hasting (2/9)
 O - a wand of lightning (7/15)
 Q - a wand of disintegration (9/24)
 V - a wand of paralysis (9/24)
Scrolls
 g - 11 scrolls of teleportation
 h - 9 scrolls of enchant armour
 i - 6 scrolls of immolation
 o - 6 scrolls of amnesia
 r - 7 scrolls of identify
 I - 6 scrolls of fear
 K - 3 scrolls of recharging
 S - 5 scrolls of remove curse
 T - 4 scrolls of fog
 U - 5 scrolls of blinking
 Y - a scroll of vulnerability
Potions
 m - 2 potions of berserk rage
 n - 5 potions of haste
 p - 5 potions of flight
 s - a potion of invisibility
 x - 4 potions of heal wounds
 C - 5 potions of agility
 F - a potion of might
 H - 7 potions of curing
 M - 4 potions of brilliance
 X - 2 potions of magic
Books
 b - a book of Fire

   Spells                             Type                      Level
   a - Ignite Poison                  Fire/Transmutation/Poison    3
   b - Fireball                       Conjuration/Fire             5
   c - Bolt of Fire                   Conjuration/Fire             6
   d - Delayed Fireball               Conjuration/Fire             7
   e - Ring of Flames                 Charms/Fire                  7
 u - a book of Air

   Spells                             Type                      Level
   a - Shock                          Conjuration/Air              1
   b - Swiftness                      Charms/Air                   2
   c - Repel Missiles                 Charms/Air                   2
   d - Static Discharge               Conjuration/Air              3
   e - Lightning Bolt                 Conjuration/Air              5
 G - a book of Summonings

   Spells                             Type                      Level
   a - Recall                         Summoning/Translocation      3
   b - Aura of Abjuration             Summoning                    5
   c - Summon Demon                   Summoning                    5
   d - Summon Forest                  Summoning/Translocation      5
   e - Summon Mana Viper              Hexes/Summoning              5
   f - Shadow Creatures               Summoning                    6
Miscellaneous
 z - 3 sacks of spiders
 J - a lamp of fire (inert)
Comestibles
 d - 11 bread rations
 N - 4 slices of pizza
 P - 52 fruits


   Skills:
 + Level 9.7(9.4) Fighting
 + Level 12.5(12.1) Short Blades
 * Level 11.0(10.6) Throwing
 + Level 16.3(15.9) Dodging
 + Level 18.3(17.9) Stealth
 - Level 7.4(7.1) Shields
 + Level 14.1(13.7) Spellcasting
 - Level 7.7(7.4) Conjurations
 * Level 19.0(18.5) Hexes
 + Level 13.7(13.4) Translocations
 - Level 0.2(0.0) Ice Magic
 * Level 6.0(5.7) Air Magic
 + Level 3.8(3.5) Evocations


You had 20 spell levels left.
You knew the following spells:

 Your Spells              Type           Power        Failure   Level  Hunger
a - Blink                 Tloc           N/A          1%          2    None
b - Ensorcelled Hibernat  Hex/Ice        ######       1%          2    None
c - Confuse               Hex            ########     1%          3    None
d - Tukima's Dance        Hex            ########     1%          3    None
e - Dazzling Spray        Conj/Hex       ######       1%          3    None
f - Invisibility          Hex            ########     1%          6    ###....
g - Passage of Golubria   Tloc           N/A          1%          4    None
h - Apportation           Tloc           ########..   1%          1    None
i - Repel Missiles        Chrm/Air       ######       1%          2    None


Dungeon Overview and Level Annotations

Branches:
Dungeon (15/15)            Temple (1/1) D:5            Lair (6/6) D:10
 Shoals (4/4) Lair:3       Spider (0/4) Lair:2        Slime (0/5) Lair:6
    Orc (2/2) D:11            Elf (3/3) Orc:2        Vaults (4/5) D:14
  Crypt (0/3) Vaults:3     Depths (1/5) D:15

Altars:
Ashenzari
Cheibriados
Dithmenos
Elyvilon
Fedhas
Gozag
Hepliaklqana
Kikubaaqudgha
Makhleb
Nemelex Xobeh
Okawaru
Pakellas
Qazlal
Ru
Sif Muna
Trog
Uskayaw
Vehumet
Xom
Yredelemnul
Zin
The Shining One
Beogh
Jiyva

Shops:
D:6 }   D:9 (   D:11 =*[[?((?[   D:12 !   Orc:2 [(:*   Elf:1 (   Elf:3 [![[:
Shoals:1 [   Vaults:1 ?   Vaults:2 !=:%[   Vaults:3 [*   Vaults:4 (

Portals:
Trove: Vaults:4 (give +4 storm dragon armour)

Annotations:
Lair:5 exclusion: ice statue
Elf:2 3 runed doors
Vaults:4 Sojobo


Innate Abilities, Weirdness & Mutations

You are tiny and cannot use many weapons and most armour.
You have supernaturally acute eyesight. (SInv)
You are a herbivore.
You cover ground extremely quickly.
You need consume almost no food.
You are partially covered in thin metallic scales. (AC +2)
You are agile. (Dex +2)
You possess an exceptional clarity of mind.
You are frail. (-10% HP)
Your spells are a little harder to cast, but a little more powerful.


Message History

The tengu reaver is engulfed in roaring flames.
Sojobo is engulfed in roaring flames.
Sojobo conjures a fierce blast of wind!
The tengu reaver is engulfed in roaring flames.
The tengu reaver hits you with a great mace of protection!!!
* * * LOW HITPOINT WARNING * * *
The tengu reaver completely misses you. The tengu reaver closely misses you.
Your soldier ant stings the tengu reaver!
The tengu reaver is poisoned.
Your soldier ant poisons the tengu reaver!
Sojobo is engulfed in roaring flames.
The tengu reaver is engulfed in roaring flames.
The tengu reaver hits your soldier ant with a great mace of protection!!!
Your soldier ant dies!
Your soldier ant's corpse disappears in a puff of smoke!
The tengu reaver is engulfed in roaring flames.
The tengu reaver points at you and mumbles some strange words.
The fireball explodes!
The fireball engulfs you! You resist.
You die...
Your body crumbles into a pile of gold.

##.#.###.)....####+#*#...#
##### #......# #.Q...#
#^.^...# #.#*..# ##'#####
###''#### ##.Q§##
#.......# ##..Q§.##
#.*.....# ##.§.§...##
#.......# ##..#####..##
#.......# #...# #@..#
#.......+ #...#...'...#
#.......# #...#...#...#
######### ##..#####..##
##.......## ######
##....(## #....#######
######## ##..(##
#..∩........
.......#####'''###
#...).......
.....[.#.........#
#...........


You could see a tengu reaver.

Vanquished Creatures
  Saint Roka (Elf:3)
  Nikola (Shoals:2)
  Jorgrun (Vaults:4)
  An Ice Fiend (IceCv)
  Rupert (Orc:2)
  2 deep elf blademasters (Elf:3)
  A deep elf master archer (Elf:3)
  Gastronok (D:11)
  A sphinx (Vaults:4)
  The ghost of mopl the Brawler, an adept NaTm of Cheibriados (D:15)
  3 tengu reavers
  Ilsuiw (Shoals:4)
  2 frost giants
  5 vault wardens
  An orc warlord (Orc:2)
  7 deep elf sorcerers (Elf:3)
  3 deep elf elementalists (Elf:3)
  6 stone giants
  2 ironheart preservers (Vaults:4)
  2 deep elf demonologists (Elf:3)
  4 deep elf annihilators (Elf:3)
  6 merfolk javelineers
  3 deep elf death magi (Elf:3)
  A minotaur (Lab)
  5 fire dragons
  6 merfolk impalers
  2 deep elf high priests (Elf:3)
  Josephine (Shoals:1)
  A great orb of eyes (Vaults:3)
  2 ice dragons
  5 vault guards
  6 yaktaur captains
  9 hydras
  A catoblepas (Lair:4)
  2 merfolk avatars (Shoals:2)
  7 centaur warriors
  6 death knights
  3 alligator snapping turtles
  6 merfolk aquamancers
  13 death yaks
  3 tengu warriors
  5 ogre magi
  4 satyrs
  4 orc high priests (Orc:2)
  17 deep elf knights
  4 unseen horrors
  Psyche (D:8)
  15 sea snakes
  A giant orange brain (Vaults:1)
  A shadow dragon zombie (Vaults:3)
  5 deep elf archers
  9 ironbrand convokers
  A flayed ghost (D:13)
  A wolf spider zombie (D:15)
  2 phantasmal warriors
  Pikel (D:8)
  15 orc knights
  9 harpies
  8 hill giants
  A tengu zombie (Vaults:3)
  2 necromancers
  A wizard (Vaults:2)
  A hornet (Vaults:1)
  A tengu skeleton (Vaults:3)
  8 griffons
  55 deep elf magi
  6 cyclopes
  4 wolf spiders
  19 ugly things
  9 orc sorcerers
  8 fauns
  3 elephants (Lair:6)
  A black mamba (shapeshifter) (Vaults:1)
  8 manticores
  2 human skeletons
  Maurice (D:13)
  11 sirens
  9 spiny frogs
  A gargoyle (D:13)
  8 water nymphs
  10 vault sentinels
  5 black mambas
  2 torpor snails (Lair:6)
  A spiny frog (shapeshifter) (Vaults:2)
  2 kobold demonologists (D:11)
  A human zombie (Vaults:2)
  6 freezing wraiths
  4 rime drakes
  6 ice devils (IceCv)
  16 yaktaurs
  4 anaconda simulacra (IceCv)
  A komodo dragon (Lair:3)
  2 tengu conjurers
  A golden dragon simulacrum (IceCv)
  A spriggan druid (Lair:6)
  13 trolls
  3 wind drakes
  43 merfolk
  9 polar bears
  A tengu simulacrum (Vaults:3)
  7 two-headed ogres
  A blink frog (shapeshifter) (Vaults:1)
  2 jumping spiders (shapeshifter)
  18 slime creatures
  4 blink frogs (Lair:2)
  3 boulder beetles
  A boulder beetle (shapeshifter) (Elf:3)
  13 snapping turtles
  11 spriggans (Lair:6)
  5 air elementals
  6 wraiths
  2 dire elephant simulacra (IceCv)
  14 water elementals
  10 redbacks
  A shadow (D:13)
  A vampire (D:10)
  81 yaks
  4 hungry ghosts
  3 fire elementals
  An ettin skeleton (Vaults:2)
  2 basilisks
  7 hippogriffs
  A hippogriff (shapeshifter) (D:14)
  2 death yak simulacra (IceCv)
  A redback simulacrum (Vaults:3)
  6 vampire mosquitoes
  3 harpy simulacra (IceCv)
  6 wargs
  Menkaure (D:5)
  2 mottled dragons
  A soldier ant (D:10)
  11 water moccasins
  6 porcupines
  3 hydra simulacra (IceCv)
  3 phantoms
  6 sky beasts
  19 ice beasts
  57 orc warriors
  4 black bears
  2 ettin simulacra (IceCv)
  6 wasps
  27 ogres
  23 wolves
  An eye of draining (D:11)
  7 boggarts
  6 crocodiles
  11 centaurs
  4 big kobolds
  26 giant frogs
  2 gnoll sergeants
  A yaktaur zombie (Vaults:1)
  A yaktaur skeleton (Vaults:1)
  An earth elemental (Lab)
  A wyvern skeleton (D:12)
  An orc simulacrum (Vaults:2)
  5 scorpions
  8 killer bees
  An elephant simulacrum (IceCv)
  A troll skeleton (Lab)
  12 wights
  An electric eel (D:8)
  A giant frog zombie (D:11)
  7 howler monkeys
  4 centaur zombies
  8 crimson imps
  3 quasits
  2 draconian simulacra (IceCv)
  6 jellies
  A gnoll shaman (D:7)
  4 hounds
  2 centaur skeletons
  41 orc priests
  3 giant frog skeletons
  Jessica (D:3)
  17 iguanas
  25 orc wizards
  7 worker ants
  5 troll simulacra (IceCv)
  A killer bee zombie (D:7)
  A spriggan simulacrum (IceCv)
  30 sheep
  A howler monkey zombie (D:7)
  2 worker ant zombies
  19 gnolls
  17 adders
  A naga simulacrum (IceCv)
  2 howler monkey skeletons
  41 river rats
  6 shadow imps
  10 white imps
  4 ufetubi (IceCv)
  11 oozes
  An adder zombie (D:7)
  A dart slug (D:2)
  17 giant geckos
  142 orcs
  9 ball pythons
  14 giant cockroaches
  10 goblins
  5 hobgoblins
  5 jackals
  6 quokkas
  9 bats
  A giant gecko skeleton (D:4)
  16 giant newts
  11 kobolds
  A quokka skeleton (D:5)
  11 rats
  A fungus (Lair:6)
  3 plants (Shoals:3)
1551 creatures vanquished.

Vanquished Creatures (others)
  An ironheart preserver (Vaults:2)
  17 dancing weapons
  A satyr (Shoals:2)
  2 shadow wraiths (Vaults:1)
  A necromancer (Vaults:4)
  An orc knight (Vaults:2)
  2 deep elf magi
  A cyclops (Shoals:4)
  2 sirens (Shoals:4)
  2 yaktaurs
  A water elemental (Shoals:4)
  A slave (D:8)
  A crimson imp (D:8)
  A hound (D:8)
  2 white imps (IceCv)
  An ufetubus (IceCv)
  An orc (D:8)
  A bush (Lair:6)
  67 fungi
  22 plants
128 creatures vanquished.

Grand Total: 1679 creatures vanquished

Notes
Turn   | Place    | Note
--------------------------------------------------------------
     0 | D:1      | epen the Spriggan Enchanter began the quest for the Orb.
     0 | D:1      | Reached XP level 1. HP: 9/9 MP: 5/5
   588 | D:1      | Reached XP level 2. HP: 13/13 MP: 6/6
   592 | D:1      | Learned a level 2 spell: Ensorcelled Hibernation
   664 | D:1      | Reached skill level 5 in Stealth
   992 | D:2      | Reached skill level 4 in Hexes
  1096 | D:2      | Reached XP level 3. HP: 14/16 MP: 0/8
  1177 | D:1      | Learned a level 3 spell: Confuse
  1427 | D:2      | Gained mutation: You are frail. (-10% HP) [potion of mutation]
  1427 | D:2      | Gained mutation: You are weak. (Str -2) [potion of mutation]
  1427 | D:2      | Lost mutation: You are weak. (Str -2) [potion of mutation]
  1429 | D:2      | Found an ancient bone altar of Kikubaaqudgha.
  1941 | D:2      | Reached XP level 4. HP: 18/18 MP: 6/9
  2050 | D:2      | Learned a level 3 spell: Tukima's Dance
  2743 | D:3      | Found a sacrificial altar of Ru.
  2758 | D:3      | Reached XP level 5. HP: 22/22 MP: 11/11
  2921 | D:3      | Noticed Jessica
  2935 | D:3      | Killed Jessica
  2988 | D:3      | Found a hide-covered altar of Uskayaw.
  3280 | D:4      | Gained mutation: You are partially covered in thin metallic scales. (AC +2) [potion of mutation]
  3280 | D:4      | Gained mutation: Your spells are a little harder to cast, but a little more powerful. [potion of mutation]
  3280 | D:4      | Gained mutation: You evolve. [potion of mutation]
  3404 | D:4      | Noticed an ogre
  3419 | D:4      | Killed an ogre
  3419 | D:4      | Reached XP level 6. HP: 26/26 MP: 8/13
  3456 | D:4      | Learned a level 3 spell: Dazzling Spray
  3484 | D:4      | Found a bloodstained altar of Trog.
  3521 | D:4      | Noticed an orc warrior
  3536 | D:4      | Killed an orc warrior
  3536 | D:4      | Reached skill level 1 in Fighting
  3536 | D:4      | Reached skill level 5 in Hexes
  3974 | D:4      | Reached XP level 7. HP: 29/29 MP: 10/14
  4108 | D:5      | Entered Level 5 of the Dungeon
  4462 | D:5      | Noticed Menkaure
  4465 | D:5      | Killed Menkaure
  4465 | D:5      | Reached skill level 6 in Hexes
  4487 | D:5      | Found a staircase to the Ecumenical Temple.
  4783 | D:5      | Found a glowing drain.
  4791 | Sewer    | Entered a sewer
  4799 | Sewer    | Reached XP level 8. HP: 35/35 MP: 14/16
  4803 | Sewer    | Reached skill level 1 in Conjurations
  5018 | Sewer    | Reached skill level 5 in Dodging
  5474 | Sewer    | Reached skill level 5 in Spellcasting
  5804 | Temple   | Entered the Ecumenical Temple
  5897 | Temple   | Became a worshipper of Gozag Ym Sagoz the Greedy
  6116 | D:6      | Reached skill level 7 in Hexes
  6499 | D:6      | Reached skill level 10 in Stealth
  6600 | D:6      | Found an oddly glowing altar of Pakellas.
  6600 | D:6      | Found Pakellas's Prime Provisions.
  6705 | D:6      | Reached XP level 9. HP: 27/38 MP: 11/18
  6950 | D:7      | Reached skill level 8 in Hexes
  7671 | D:7      | Gained mutation: You possess an exceptional clarity of mind. [evolution]
  8014 | D:8      | Found a shattered altar of Ashenzari.
  8083 | D:8      | Noticed Pikel
  8093 | D:8      | Killed Pikel
  8093 | D:8      | Reached skill level 5 in Short Blades
  8093 | D:8      | Reached skill level 9 in Hexes
  8187 | D:8      | Noticed Psyche
  8202 | D:8      | Killed Psyche
  8202 | D:8      | Reached XP level 10. HP: 20/44 MP: 3/21
  9041 | D:9      | Found Kisimpuh's Antique Weapon Emporium.
  9664 | D:9      | Reached skill level 10 in Hexes
 10122 | D:10     | Entered Level 10 of the Dungeon
 10331 | D:10     | Noticed a hill giant
 10338 | D:10     | Killed a hill giant
 10391 | D:10     | Noticed a hill giant
 11071 | D:10     | Found a staircase to the Lair.
 11093 | D:10     | Reached XP level 11. HP: 38/48 MP: 16/23
 11510 | D:10     | Killed a hill giant
 11801 | D:10     | Learned a level 6 spell: Invisibility
 12080 | D:11     | Noticed Gastronok
 12289 | D:11     | Killed Gastronok
 12289 | D:11     | Reached skill level 5 in Fighting
 12289 | D:11     | Reached skill level 11 in Hexes
 12413 | D:11     | Found a staircase to the Orcish Mines.
 12828 | D:11     | Noticed a hill giant
 12847 | D:11     | Killed a hill giant
 12847 | D:11     | Reached skill level 10 in Dodging
 13340 | D:11     | Learned a level 2 spell: Blink
 13444 | D:11     | Noticed a deep elf mage
 13448 | D:11     | Noticed a soul eater
 13456 | D:11     | Reached skill level 1 in Translocations
 13472 | D:11     | Killed a deep elf mage
 13544 | D:11     | Gained mutation: You are agile. (Dex +2) [evolution]
 13702 | D:11     | Found an opulent altar of Gozag.
 13758 | D:11     | Reached skill level 12 in Hexes
 13802 | D:12     | Noticed a seven-headed hydra
 13875 | D:12     | Noticed a death knight
 14245 | Lair:1   | Entered Level 1 of the Lair of Beasts
 14291 | Lair:1   | Reached XP level 12. HP: 54/54 MP: 25/25
 15546 | Lair:2   | Found a hole to the Spider Nest.
 15552 | Lair:2   | Reached skill level 5 in Conjurations
 17173 | Lair:3   | Found a staircase to the Shoals.
 17520 | Lair:4   | Noticed an eight-headed hydra
 17542 | Lair:4   | Killed an eight-headed hydra
 17556 | Lair:4   | Reached skill level 5 in Translocations
 17604 | Lair:4   | Noticed a catoblepas
 17608 | Lair:4   | Killed a catoblepas
 17608 | Lair:4   | Reached skill level 13 in Hexes
 17759 | Lair:4   | Noticed a death yak
 17763 | Lair:4   | Noticed a death yak
 17763 | Lair:4   | Noticed a death yak
 17764 | Lair:4   | Noticed a death yak
 17765 | Lair:4   | Noticed a death yak
 17765 | Lair:4   | Noticed a death yak
 17776 | Lair:4   | Killed a death yak
 17781 | Lair:4   | Killed a death yak
 17786 | Lair:4   | Killed a death yak
 17786 | Lair:4   | Reached XP level 13. HP: 44/58 MP: 27/27
 18423 | Lair:5   | Identified a scroll of acquirement
 18445 | Lair:5   | Got an encrusted rapier
 18446 | Lair:5   | Identified the +7 rapier "Rufifomm" {pierce, *Contam rElec rPois Str+4} (You found it on level 5 of the Lair of Beasts)
 18976 | Lair:5   | Found a labyrinth entrance.
 18985 | Lab      | Entered a labyrinth
 20054 | Lab      | Noticed a minotaur
 20086 | Lab      | Killed a minotaur
 20161 | Lab      | Learned a level 4 spell: Passage of Golubria
 20176 | Lair:5   | Reached skill level 10 in Spellcasting
 21010 | Lair:6   | Entered Level 6 of the Lair of Beasts
 21424 | Lair:6   | Reached skill level 14 in Hexes
 21866 | Lair:6   | Noticed an acid blob
 22131 | Lair:6   | Reached XP level 14. HP: 53/64 MP: 28/29
 22245 | Lair:6   | Learned a level 1 spell: Apportation
 22592 | Lair:6   | Found a viscous altar of Jiyva.
 22593 | Lair:6   | Found a staircase to the Slime Pits.
 23184 | Lair:6   | Reached skill level 1 in Shields
 24208 | Lair:6   | Lost mutation: You evolve. [end of evolution]
 24421 | Orc:1    | Entered Level 1 of the Orcish Mines
 24774 | Orc:2    | Entered Level 2 of the Orcish Mines
 24774 | Orc:2    | Noticed Rupert
 24944 | Orc:2    | Killed Rupert
 25239 | Orc:2    | Found a staircase to the Elven Halls.
 25346 | Orc:2    | Reached skill level 15 in Stealth
 25495 | Orc:2    | Found Soehyco's Book Shop.
 25550 | Orc:2    | Noticed an orc warlord
 25835 | Orc:2    | Found a roughly hewn altar of Beogh.
 25841 | Orc:2    | Killed an orc warlord
 26031 | Orc:2    | Found Emygix's Assorted Antiques.
 26056 | Orc:2    | Reached skill level 15 in Hexes
 26125 | Orc:2    | Bought a scroll of teleportation for 63 gold pieces
 26125 | Orc:2    | Bought a scroll of fear for 73 gold pieces
 26593 | Orc:2    | Found a roughly hewn altar of Beogh.
 26638 | Orc:2    | Found Ijotio's Armour Emporium.
 26673 | Orc:2    | Found Pouman's Weapon Shoppe.
 26941 | Orc:2    | Reached XP level 15. HP: 67/67 MP: 31/31
 27404 | D:11     | Bought a scroll of teleportation for 33 gold pieces
 27404 | D:11     | Bought a scroll of identify for 22 gold pieces
 27404 | D:11     | Bought a scroll of blinking for 82 gold pieces
 27747 | D:12     | Reached skill level 10 in Short Blades
 27967 | D:12     | Found Bidaatac's Distillery.
 27970 | D:12     | Bought a potion of curing for 42 gold pieces
 27970 | D:12     | Bought 2 potions of heal wounds for 140 gold pieces
 27970 | D:12     | Bought a potion of curing for 42 gold pieces
 28254 | D:13     | Noticed Maurice
 28264 | D:13     | Killed Maurice
 28867 | D:13     | Reached skill level 1 in Throwing
 29306 | D:13     | Reached skill level 10 in Translocations
 29464 | D:14     | Found a gate to the Vaults.
 30695 | D:15     | Entered Level 15 of the Dungeon
 30763 | D:15     | Found a shattered altar of Ashenzari.
 30943 | D:15     | Noticed mopl's ghost (adept NaTm)
 30961 | D:15     | Killed mopl's ghost
 31022 | D:15     | Found a staircase to the Depths.
 31302 | D:15     | Found a sparkling altar of Nemelex Xobeh.
 31565 | Depths:1 | Entered Level 1 of the Depths
 31785 | Shoals:1 | Entered Level 1 of the Shoals
 32341 | Shoals:1 | Reached skill level 5 in Shields
 32434 | Shoals:1 | Reached XP level 16. HP: 55/72 MP: 5/32
 32739 | Shoals:1 | Found Vitiq's Armour Shoppe.
 33193 | Shoals:1 | Noticed Josephine
 33528 | Shoals:1 | Reached skill level 16 in Hexes
 33536 | Shoals:1 | Killed Josephine
 34700 | Shoals:2 | Reached skill level 5 in Throwing
 34958 | Shoals:2 | Noticed Nikola
 34971 | Shoals:2 | Killed Nikola
 35367 | Shoals:3 | Found a frozen archway.
 35373 | IceCv    | Entered an ice cave
 36512 | IceCv    | Noticed an Ice Fiend
 36828 | IceCv    | Killed an Ice Fiend
 38211 | Shoals:3 | Reached XP level 17. HP: 77/77 MP: 25/34
 38505 | Shoals:4 | Entered Level 4 of the Shoals
 39195 | Shoals:4 | Noticed Ilsuiw
 39207 | Shoals:4 | Killed Ilsuiw
 39753 | Shoals:4 | Reached skill level 17 in Hexes
 39769 | Shoals:4 | Got a barnacled rune of Zot
 40440 | Elf:1    | Entered Level 1 of the Elven Halls
 40692 | Elf:1    | Reached skill level 15 in Dodging
 40983 | Elf:1    | Found a radiant altar of Vehumet.
 41129 | Elf:1    | Found Weseloixt's Weapon Shop.
 42018 | Elf:2    | Found a runed gate.
 42021 | Elf:2    | Found a runed gate.
 42021 | Elf:2    | Found a runed gate.
 42402 | Elf:3    | Entered Level 3 of the Elven Halls
 42414 | Elf:3    | Reached XP level 18. HP: 82/82 MP: 36/36
 42415 | Elf:3    | Found Guqaanon's Antique Armour Shoppe.
 42445 | Elf:3    | Noticed Saint Roka
 42819 | Elf:3    | Killed Saint Roka
 43095 | Elf:3    | Found a radiant altar of Vehumet.
 43409 | Elf:3    | Found Deadgh's Armour Shop.
 43468 | Elf:3    | Found Elytercha's Distillery.
 43472 | Elf:3    | Bought a potion of curing for 51 gold pieces
 43472 | Elf:3    | Bought a potion of heal wounds for 85 gold pieces
 43472 | Elf:3    | Bought a potion of heal wounds for 85 gold pieces
 43799 | Elf:3    | Learned a level 2 spell: Repel Missiles
 43844 | Elf:3    | Found Wipto's Armour Boutique.
 43845 | Elf:3    | Found Ungoixun's Book Shop.
 45529 | Elf:3    | Reached skill level 1 in Air Magic
 48947 | Elf:3    | Reached skill level 18 in Hexes
 49078 | Elf:3    | Got a vibrating tin ring
 49261 | Elf:3    | Identified the ring of Adifroac {SustAt +Inv rPois rN+ Stlth+} (You took it off a deep elf sorcerer on level 3 of the Elven Halls)
 49332 | Elf:3    | Got a warped sapphire amulet
 49333 | Elf:3    | Identified the amulet "Guecu" {+Rage Int+3} (You found it on level 3 of the Elven Halls)
 49641 | Vaults:1 | Entered Level 1 of the Vaults
 50133 | Vaults:1 | Found Zefiep's Magic Scroll Shoppe.
 50318 | Vaults:1 | Reached skill level 1 in Evocations
 51121 | Vaults:2 | Reached XP level 19. HP: 64/86 MP: 7/37
 51633 | Vaults:2 | Found Kemme's Food Emporium.
 51728 | Vaults:2 | Reached skill level 10 in Throwing
 52243 | Vaults:2 | Found Beoxuruc's Distillery.
 52454 | Vaults:2 | Found Zeomano's Jewellery Boutique.
 52476 | Vaults:2 | Found Erphaw's Book Emporium.
 52603 | Vaults:2 | Found Hiuwkead's Armour Shop.
 52623 | Vaults:2 | Bought the +0 buckler of a volcano {rC- Str+2 Int+8 Dex+3} for 572 gold pieces
 53042 | Vaults:2 | You fall through a shaft for 2 floors!
 53091 | Vaults:4 | Noticed Jorgrun
 53120 | Vaults:4 | Killed Jorgrun
 53625 | Vaults:3 | Reached skill level 5 in Air Magic
 54271 | Vaults:3 | Found Cumiod's General Store.
 54283 | Vaults:3 | Bought a wand of hasting (2/9) for 684 gold pieces
 54331 | Vaults:3 | Found Jyosk's Antique Armour Boutique.
 54397 | Vaults:3 | Found a staircase to the Crypt.
 54960 | Vaults:4 | Found a portal to a secret trove of treasure.
 55363 | Vaults:4 | Found Rinomelo's Antique Weapon Shop.
 55827 | Vaults:4 | Noticed Sojobo
 55917 | Vaults:4 | Reached skill level 19 in Hexes
 55973 | Vaults:4 | Killed from afar by a tengu reaver

Vault maps used:
D:1:      matt_arrival_spirals
D:2:      old_standard_altar
D:3:      nicolae_ru_great_annihilating_truth, marbit_many_paths, uniq_jessica
D:4:      lightli_temple_of_fire
D:5:      lightli_sewer_entry_pipes, first_bread, kennysheep_another_room,
          uniq_menkaure
D:6:      johnstein_pakellas_shop
D:8:      old_standard_altar, uniq_psyche, uniq_pikel
D:9:      serial_shops, shop
D:10:     grunt_lair_entry_orc_guard_hut, blue_anna_alchemist
D:11:     orc_0_dummy, nicolae_gozag_cash_rules_everything_around_me,
          uniq_gastronok
D:12:     serial_shops, kennysheep_mini, st_stairs_4
D:13:     minmay_big_diamond_grid, grunt_ministairs_4, uniq_maurice
D:14:     david_vaults_2, nicolae_twisting_strands, nrook_mini_vaults,
          minmay_misc_feat_more_columns
D:15:     grunt_enter_depths_hoard, serial_park_square3,
          nemelex_diamond_rough_becter
Temple:   lightli_temple_of_artemis
Lair:1:   grunt_forest_large_clearings
Lair:2:   spider_nest_entry_a, grunt_forest_stairs_basic
Lair:3:   elwin_shoals_entry_rooms
Lair:4:   bh_autumn_forest_stairs
Lair:5:   lab_entry_generic, ice2_lemuel
Lair:6:   minmay_lair_end_enchanted_forest, slime_altar_1, serial_bayou_shore_b
Shoals:1: serial_shops, shop, nicolae_shoals_flooded_hall, uniq_josephine
Shoals:2: uniq_nikola
Shoals:3: portal_ice_cave_entry_pillars_four
Shoals:4: shoals_end_hangedman, shoals_ilsuiw_alternative
Orc:2:    pubby_orc_utopia, uniq_rupert
Elf:1:    eino_elf_arrival_the_gate, serial_shops,
          nicolae_shop_competitors_out_of_business, basic_altar,
          minmay_elf_crystal_hexagon, nicolae_wwwww
Elf:2:    grunt_ministairs_2, eino_tiny_chamber, moated_statue
Elf:3:    minmay_elf_hall_dome, basic_altar, serial_shops, shop, shop,
          nicolae_shop_window_shopping,
          nicolae_shop_temple_entry_statues_fountains, shop_fountains,
          uniq_saint_roka
Vaults:1: ontoclasm_vaults_claustrophobia, v_misc_25, vaults_mumra_chevron,
          hangedman_vaults_maws, nicolae_vaults_little_squares_4,
          nicolae_vaults_mini_display_case, vaults_dpeg_hooks, v_pattern_5,
          ontoclasm_vaults_shout, ontoclasm_vaults_loading_screen, serial_shops,
          shop
Vaults:2: grunt_vaults_hallway_short, vaults_room_glass_cross,
          ontoclasm_vaults_ring_large, hangedman_vaults_nodes, v_misc_4,
          nicolae_vaults_yaktaur_gun_rack, ontoclasm_vaults_ring_small,
          vaults_mumra_hex, nicolae_vaults_little_squares_6, serial_ice_g,
          serial_shops, shop, shop, shop, nicolae_shop_statue_plus,
          nicolae_shop_crystal
Vaults:3: v_misc_28, v_pattern_3, v_misc_33, v_misc_3, ontoclasm_vaults_twist,
          blue_anna_dwarven_crypt, nicolae_vaults_sealed_display,
          vaults_room_hallway, ontoclasm_vaults_fault, vaults_dpeg_ring,
          v_misc_30, vaults_room_pool, ontoclasm_vaults_loading_screen,
          serial_shops, shop, nicolae_shop_behind_doors
Vaults:4: v_misc_15, ontoclasm_vaults_hangar, v_rooms_3, vaults_mumra_hexcomb,
          vaults_room_ringed_pool, v_misc_4, nicolae_vaults_specimen_jars,
          v_misc_19, ontoclasm_vaults_idyll, vaults_room_fours,
          nicolae_vaults_network_square, v_alt_pattern_2,
          vaults_room_hangedman_quadrants, nicolae_trove_entry_free_sample,
          serial_shops, shop, uniq_sojobo, uniq_jorgrun
Depths:1: enter_ziggurat_c, tso_metal_star, hell_entry, roderic_lattice_a,
          minmay_holes, hangedman_research_pyrotechnics, serial_bayou_shore_a,
          uniq_enchantress
Lab:      labyrinth_watery, nicolae_lab_statue, nicolae_lab_lava
Sewer:    sewer_frog_island_02
IceCv:    ice_cave_caverns_03

Skill      XL: |  1  2  3  4  5  6  7  8  9 10 11 12 13 14 15 16 17 18 19 |
---------------+----------------------------------------------------------+-----
Stealth        | 5 6 8 9 10 11 12 13 14 15 16 17 18 | 18.3
Hexes          | 4 5 6 7 9 10 12 13 14 15 16 17 18 19 | 19.0
Spellcasting   | 3 4 5 6 7 8 9 10 11 12 13 14 | 14.1
Fighting       | 1 2 3 4 5 6 7 8 9 |  9.7
Short Blades   | 2 4 5 6 7 8 9 10 11 12 | 12.5
Dodging        | 4 6 7 9 10 11 12 13 14 15 16 | 16.3
Conjurations   | 2 3 4 5 6 7 |  7.7
Translocations | 2 5 7 9 10 11 12 13 | 13.7
Shields        | 3 5 6 7 |  7.4
Throwing       | 3 6 8 9 11 | 11.0
Air Magic      | 3 6 |  6.0
Evocations     | 1 3 |  3.8
Ice Magic      | |  0.2

Action                   |  1- 3 |  4- 6 |  7- 9 | 10-12 | 13-15 | 16-18 | 19-21 || total
-------------------------+-------+-------+-------+-------+-------+-------+-------++-------
Melee: Dagger            |    81 |   127 |   619 |   657 |       |       |       ||  1484
       Short sword       |       |       |       |   380 |    37 |       |       ||   417
       Quick blade       |       |       |       |       |  1797 |   439 |       ||  2236
       Rapier            |       |       |       |       |     1 |       |       ||     1
       Cutlass           |       |       |       |       |       |  1260 |   840 ||  2100
Throw: Throwing net      |       |       |       |       |     1 |     3 |    13 ||    17
 Cast: Ensorcelled Hiber |     9 |     1 |    33 |    32 |     5 |       |       ||    80
       Confuse           |     4 |    19 |    85 |   192 |   251 |   279 |   127 ||   957
       Dazzling Spray    |       |       |       |    10 |   105 |   261 |    56 ||   432
       Invisibility      |       |       |       |     1 |     4 |     7 |       ||    12
       Blink             |       |       |       |       |       |     5 |       ||     5
       Repel Missiles    |       |       |       |       |       |     1 |     1 ||     2
Invok: Call Merchant     |       |       |       |       |     6 |     3 |       ||     9
Evoke: Wand              |       |       |       |       |     1 |     4 |       ||     5
       Sack of spiders   |       |       |       |       |       |       |     5 ||     5
       Lamp of fire      |       |       |       |       |       |       |     1 ||     1
  Use: Potion            |     2 |     1 |       |     3 |     4 |     3 |     3 ||    16
       Scroll            |       |       |       |    26 |     9 |     9 |     2 ||    46
 Stab: Sleeping          |    21 |    17 |    50 |    63 |    72 |    56 |    12 ||   291
       Confused          |     3 |    14 |    50 |   129 |   185 |   190 |    94 ||   665
       Paralysed         |       |     1 |       |       |       |       |       ||     1
       Distracted        |       |       |     2 |    12 |    18 |    12 |     9 ||    53
       Invisible         |       |       |       |    11 |    95 |    91 |    23 ||   220
       Held in net/web   |       |       |       |       |       |     3 |     2 ||     5
  Eat: Bread ration      |       |     1 |     1 |     2 |     4 |     3 |     1 ||    12
       Pizza             |       |       |     1 |       |       |       |       ||     1
       Royal jelly       |       |       |       |       |       |     1 |       ||     1
       Fruit             |       |       |       |       |       |     1 |       ||     1
Armor: Robe              |    14 |     3 |    38 |    53 |    61 |    40 |    15 ||   224
Dodge: Dodged            |    43 |    43 |   343 |   743 |   870 |   713 |   318 ||  3073
       Deflected         |       |       |       |       |       |     4 |     3 ||     7
Block: Other             |       |       |       |       |    99 |     4 |       ||   103
       Reflection        |       |       |       |       |     6 |    45 |    19 ||    70
       Buckler           |       |       |       |       |       |   446 |   222 ||   668
